 Dungeon Crawl Stone Soup version 0.29-a0-92-gee772dd00f (webtiles) character file.

Game seed: 13211369520406916673

4242 enile the Fighter (level 10, -2/80 HPs)
             Began as a Djinni Fire Elementalist on Feb 9, 2022.
             Was an Initiate of Ashenzari.
             Killed by divine providence
             ... invoked by a meliai
              (13 damage)
             ... on level 9 of the Dungeon.
             The game lasted 00:20:09 (12992 turns).

enile the Fighter (Djinni Fire Elementalist)       Turns: 12992, Time: 00:20:09

Health: -2/80      AC:  6    Str:  5    XL:     10   Next: 55%
Gold:   1346       EV: 12    Int: 21    God:    Ashenzari [......] SH:  0 Dex: 14

rFire   + + +      SeeInvis .   d - +4 scimitar (spect)
rCold   x . .      Faith    .   (no shield)
rNeg    . . .      Spirit   .   n - +3 leather armour
rPois   ∞          Reflect  .   (no helmet)
rElec   .          Harm     .   (no cloak)
rCorr   .          Rampage  .   (no gloves)
Will    +....                   (boots unavailable)
Stlth   ++........              (no amulet)
HPRegen 0.23/turn               e - ring of Panopticon {rF+, Range, Fort} (curse)
MPRegen 0.00/turn               (no ring)

@: flying
A: sickness immunity, fire resistance 2, cold vulnerability 1, float, innate
caster, HP casting, extra vitality 1, weak 1, subdued magic 1
a: Renounce Religion, Shatter the Chains


You were on level 9 of the Dungeon.
You worshipped Ashenzari.
Ashenzari was noncommittal.
You visited 2 branches of the dungeon, and saw 10 of its levels.

You collected 1411 gold pieces.
You spent 65 gold pieces at shops.

Inventory:

Hand Weapons
 d - a +4 spectral scimitar (weapon)
 o - a +3 dagger
 p - a +3 hand axe of freezing
Armour
 a - a +0 robe
 k - +0 steam dragon scales
 m - a +0 leather armour
 n - a +3 leather armour (worn)
Jewellery
 e - the cursed ring of Panopticon (left hand) {rF+, Range, Fort}
   (You found it on level 4 of the Dungeon)

   [ring of protection from fire]

   rF:        It protects you from fire.
   It has a curse which improves the following skills: Ranged Combat: Slings,
   Bows, Crossbows and Throwing.
   Fortitude: Armour and Shields.
 h - an amulet of faith
 t - a +4 ring of protection
Wands
 q - a wand of iceblast (1)
 r - a wand of mindburst (13)
Scrolls
 b - 4 scrolls of identify
 c - a scroll of holy word
 i - a scroll of noise
 j - a scroll of magic mapping
 l - 2 scrolls of teleportation
 s - a scroll of immolation
Potions
 f - a potion of brilliance
 g - a potion of magic


   Skills:
 - Level 10.0 Fighting
 - Level 3.0 Long Blades
 - Level 4.0 Dodging
 + Level 1.7 Stealth
 - Level 7.0 Spellcasting
 - Level 3.0 Invocations
 - Level 3.0 Evocations


You couldn't memorise any spells.
You knew the following spells:

 Your Spells              Type           Power      Damage    Failure   Level
a - Foxfire               Conj/Fire      100%       2x1d9     1%          1
b - Scorch                Fire           56%        2d7       1%          2
c - Conjure Flame         Conj/Fire      28%        6-21      1%          3
d - Inner Flame           Hex/Fire       28%        N/A       1%          3
e - Flame Wave            Conj/Fire      28%        2d8       7%          4
f - Summon Small Mammal   Summ           100%       N/A       1%          1
g - Poisonous Vapours     Pois/Air       56%        N/A       1%          2
h - Call Canine Familiar  Summ           28%        N/A       1%          3
i - Animate Dead          Necr           14%        N/A       7%          4
Your spell library was empty.

Dungeon Overview and Level Annotations

Branches:
Dungeon (9/15)             Temple (1/1) D:6
   Lair: D:8-11         Orc: D:9-12

Altars:
Ashenzari
Cheibriados
Dithmenos
Elyvilon
Gozag
Makhleb
Nemelex Xobeh
Okawaru
Qazlal
Sif Muna
Trog
Uskayaw
Vehumet
Wu Jian
Xom
Yredelemnul
Zin

Shops:
D:3 ?


Innate Abilities, Weirdness & Mutations

You are immune to sickness and miasma.
You are immune to poison.
Your flesh is very heat resistant. (rF++)
You are vulnerable to cold. (rC-)
You float through the air rather than walking.
You learn spells naturally, not from books.
Your magical power is your life essence.
You have superior vitality. (+4 MHP)
You are weak. (Str -2)
Your spells are a little easier to cast, but a little less powerful.


Message History

Press: ? - help, Dir - move target, f - meliai
Aim: a meliai, wielding a +0 hand axe and wearing a +0 leather armour (ally target) Attack!
Casting: Call Canine Familiar (safe; 1% risk of failure)
Confirm with . or Enter, or press ? or * to list all spells.
Okay, then.
Casting: Call Canine Familiar (safe; 1% risk of failure)
Confirm with . or Enter, or press ? or * to list all spells.
Flames lash the meliai.
The meliai is heavily wounded.
The meliai's fire resistance burns away.
Casting: Scorch (safe; 1% risk of failure)
Confirm with . or Enter, or press ? or * to list all spells.
Flames lash the meliai.
The meliai is moderately wounded.
The meliai's fire resistance burns away.
The meliai mumbles some strange prayers to its god against you.
Something smites you!
The meliai calls upon its god to heal the meliai.
The meliai is healed somewhat.
The meliai mumbles some strange prayers to its god against you.
Something smites you!
* * * LOW HITPOINT WARNING * * *
Casting: Scorch (safe; 1% risk of failure)
Confirm with . or Enter, or press ? or * to list all spells.
Flames lash the meliai but do no damage.
* * * LOW HITPOINT WARNING * * *
The meliai mumbles some strange prayers to its god against you.
Something smites you!
* * * LOW HITPOINT WARNING * * *
The meliai calls upon its god to heal the meliai.
The meliai is healed somewhat.
A two-headed ogre comes into view.
It is wielding a +0 giant spiked club and a +0 giant club.
Casting: Scorch (safe; 1% risk of failure)
Confirm with . or Enter, or press ? or * to list all spells.
Okay, then.
The meliai is no longer more vulnerable to fire.
The meliai calls down the wrath of its god upon you.
Something smites you!
You die...

#.# #....#<#
#....#.##
#....#..#
#....#..# .
#....#..# ...
#.h. #..#
....y##§###..+
....y○..@....#
..O######.####
#.# #.# #.#
#.# #.# #.#
#.#


You could see a two-headed ogre, 2 meliai and a friendly hound (summoned).

Vanquished Creatures
  A cyclops (D:8)
  Maggie (D:6)
  A meliai (D:9)
  Sigmund (D:4)
  A wyvern (D:8)
  2 steam dragons (D:7)
  2 water moccasins (D:6)
  2 orc warriors
  3 sky beasts
  3 necrophages
  2 ogres
  2 phantoms
  A kobold brigand (D:7)
  A bullfrog (D:8)
  A water moccasin skeleton (D:3)
  5 killer bees
  A howler monkey (D:8)
  9 wights
  2 centaur zombies
  2 jellies
  2 orc priests
  A hound (D:4)
  2 gnoll shamans
  A bullfrog skeleton (D:4)
  A centaur skeleton (D:5)
  3 iguanas
  4 orc wizards
  A hound skeleton (D:4)
  4 adders
  10 gnolls
  A white imp (D:6)
  An ufetubus (D:6)
  3 dart slugs
  35 orcs
  9 ball pythons
  4 endoplasms
  4 giant cockroaches
  7 goblins
  7 hobgoblins
  11 kobolds
  3 quokkas
  4 bats
  A frilled lizard (D:2)
  3 rats
165 creatures vanquished.

Vanquished Creatures (collateral kills)
  A gnoll (D:4)
  A hobgoblin (D:4)
2 creatures vanquished.

Vanquished Creatures (others)
  592 foxfires
592 creatures vanquished.

Grand Total: 759 creatures vanquished

Notes
Turn   | Place    | Note
-------+----------+-------------------------------------------
     0 | D:1      | enile the Djinni Fire Elementalist began the quest for the
                  | Orb.
     0 | D:1      | Reached XP level 1. HP: 15/15 MP: 0/0
   117 | D:1      | Reached skill level 1 in Fighting
   310 | D:1      | Reached XP level 2. HP: 9/22 MP: 0/0
  1090 | D:1      | Found a faded altar of an unknown god.
  1178 | D:1      | Reached skill level 2 in Fighting
  1211 | D:1      | Prayed at the altar of an unknown god.
  1211 | D:1      | Became a worshipper of Elyvilon the Healer
  1211 | D:1      | Reached * piety under Elyvilon
  2001 | D:2      | Reached XP level 3. HP: 26/28 MP: 0/0
  2001 | D:2      | Learned a level 1 spell: Summon Small Mammal
  2201 | D:2      | Reached ** piety under Elyvilon
  2671 | D:2      | Reached XP level 4. HP: 21/34 MP: 0/0
  3020 | D:3      | Reached skill level 3 in Fighting
  3512 | D:3      | Found Gyrus's Magic Scroll Boutique.
  3526 | D:3      | Bought a scroll of identify for 20 gold pieces
  3526 | D:3      | Bought a scroll of fear for 35 gold pieces
  3526 | D:3      | Bought a scroll of noise for 10 gold pieces
  3676 | D:3      | Reached XP level 5. HP: 36/40 MP: 0/0
  3676 | D:3      | Learned a level 2 spell: Poisonous Vapours
  3985 | D:3      | Reached skill level 4 in Fighting
  4432 | D:4      | Found an ornate altar of the Wu Jian Council.
  4435 | D:4      | Found a burning altar of Makhleb.
  4533 | D:4      | Reached *** piety under Elyvilon
  4660 | D:4      | Reached XP level 6. HP: 36/47 MP: 0/0
  4734 | D:4      | Noticed a necrophage
  4739 | D:4      | Killed a necrophage
  5197 | D:4      | Reached XP level 7. HP: 34/52 MP: 0/0
  5197 | D:4      | Learned a level 3 spell: Call Canine Familiar
  5207 | D:4      | Reached skill level 5 in Spellcasting
  5373 | D:4      | Noticed Sigmund
  5383 | D:4      | Was placed under penance by Elyvilon
  5383 | D:4      | Killed Sigmund
  5991 | D:3      | Reached XP level 8. HP: 31/58 MP: 0/0
  6874 | D:5      | Entered Level 5 of the Dungeon
  7097 | D:4      | Reached skill level 5 in Fighting
  7401 | D:5      | Was forgiven by Elyvilon
  7402 | D:5      | Identified a scroll of acquirement
  7462 | D:4      | Acquired 1071 gold pieces
  7498 | D:4      | Was placed under penance by Elyvilon
  7901 | D:5      | Reached skill level 6 in Fighting
  8015 | D:5      | Found a stormy altar of Qazlal.
  8605 | D:6      | Noticed Maggie
  8627 | D:6      | HP: 2/61 [Maggie (5)]
  8634 | D:6      | Reached XP level 9. HP: 4/66 MP: 0/0
  8634 | D:6      | Learned a level 4 spell: Animate Dead
  8647 | D:6      | Killed Maggie
  8705 | D:6      | Gained mutation: You are weak. (Str -2) [potion of
                  | mutation]
  8705 | D:6      | Gained mutation: Your spells are a little easier to cast,
                  | but a little less powerful. [potion of mutation]
  8705 | D:6      | HP: 2/66 [water moccasin (7)]
  8708 | D:6      | Elyvilon protects you from harm!
  8712 | D:6      | HP: 1/66 [water moccasin (4)]
  8714 | D:6      | Elyvilon protects you from harm!
  9543 | D:6      | Reached skill level 7 in Fighting
  9714 | D:6      | Found a staircase to the Ecumenical Temple.
  9835 | Temple   | Entered the Ecumenical Temple
  9968 | Temple   | Fell from the grace of Elyvilon
  9968 | Temple   | Became a worshipper of Ashenzari the Shackled
 10367 | D:7      | Reached skill level 8 in Fighting
 10592 | D:7      | HP: 3/70 [something/puff of flame (2)]
 11111 | D:7      | Found a white marble altar of Elyvilon.
 11184 | D:7      | Found a basalt altar of Yredelemnul.
 11259 | D:7      | Found an iron altar of Okawaru.
 11343 | D:7      | Found a shadowy altar of Dithmenos.
 11413 | D:7      | Reached skill level 1 in Invocations
 11413 | D:7      | Reached XP level 10. HP: 62/77 MP: 0/0
 11881 | D:8      | Reached skill level 9 in Fighting
 11888 | D:8      | Noticed a cyclops
 12098 | D:8      | Killed a cyclops
 12404 | D:8      | Reached skill level 10 in Fighting
 12482 | D:8      | Reached skill level 1 in Long Blades
 12991 | D:9      | Noticed a two-headed ogre
 12992 | D:9      | Killed from afar by a meliai

Illustrated notes

Levels and vault maps discovered:
D:1:      dpeg_arrival_rooms_with_view, layout_basic,
          dreamdust_ecumenical_altar_statues
D:2:      layout_loops_ring, grunt_ministairs_5
D:3:      layout_basic, serial_shops, shop
D:4:      layout_cave_pools, grunt_temple_overflow_diamond, eino_tiny_chamber,
          minmay_ruptured, uniq_sigmund
D:5:      layout_cave_pools, nicolae_qazlal_scattered_showers, bh_walls_and_bars
D:6:      layout_cave_pools, minmay_temple_entry_enclosed_plants,
          minmay_crystal_room, uniq_maggie
D:7:      layout_basic, kennysheep_ying_yang, grunt_dithmenos_smoke_and_mirrors,
          kennysheep_okawaru_gauntlet
D:8:      layout_cave_pools
D:9:      layout_irregular_city, grunt_temple_overflow_growth_and_decay
Temple:   nicolae_temple_figure_zero

Skill      XL: |  1  2  3  4  5  6  7  8  9 10 |
---------------+-------------------------------+-----
Fighting       | 1 2 3 4 6 8 10 | 10.0
Spellcasting   | 3 4 5 6 7 |  7.0
Dodging        | 3 4 |  4.0
Evocations     | 3 |  3.0
Invocations    | 1 3 |  3.0
Long Blades    | 3 |  3.0
Stealth        | |  1.7

Action                   |  1- 3 |  4- 6 |  7- 9 | 10-12 || total
-------------------------+-------+-------+-------+-------++-------
Melee: Unarmed           |       |     2 |       |       ||     2
       Hand axe          |       |       |     3 |       ||     3
       Scimitar          |       |       |    17 |     8 ||    25
 Cast: Foxfire           |   102 |   127 |    78 |    29 ||   336
       Scorch            |     1 |     9 |    51 |    19 ||    80
       Call Canine Famil |       |       |    10 |     3 ||    13
       Inner Flame       |       |       |    13 |     3 ||    16
       Summon Small Mamm |       |       |     5 |     1 ||     6
Invok: Curse Item        |       |       |       |     1 ||     1
Evoke: Wand              |       |       |    22 |       ||    22
  Use: Scroll            |       |     1 |    11 |     2 ||    14
       Potion            |       |       |     6 |       ||     6
Armor: Robe              |     4 |     5 |       |       ||     9
       Leather armour    |       |     2 |    36 |    22 ||    60
       Skin              |       |       |     3 |       ||     3
Dodge: Dodged            |     8 |    13 |    67 |    35 ||   123

Table legend: (Time is in decaauts)
 A = Elapsed time spent in this place.
 B = Non-inter-level travel time spent in this place.
 C = Inter-level travel time spent in this place.
 D = Time resting spent in this place.
 E = Time spent auto-exploring this place.
 F = Levels seen in this place.
 G = Mean time per level.
                   A        B        C        D        E       F      G
               +--------+--------+--------+--------+--------+-----+--------+
         Total |  13015 |  12429 |    586 |   1589 |   9236 |  10 | 1301.5 |
       Dungeon |  12869 |  12316 |    553 |   1589 |   9124 |   9 | 1429.9 |
        Temple |    146 |    114 |     32 |      0 |    112 |   1 |  146.0 |
               +--------+--------+--------+--------+--------+-----+--------+

Top non-repeatable levels by time:
     D:3: 2420 daAuts
     D:7: 1907 daAuts
     D:5: 1722 daAuts
     D:4: 1690 daAuts
     D:2: 1665 daAuts
     D:1: 1632 daAuts
     D:6: 1025 daAuts
     D:8: 771 daAuts
  Temple: 146 daAuts
     D:9: 34 daAuts
